 Dungeon Sprint DCSS version 0.28.0-53-g5a82cb258f (webtiles) character file.

Game seed: 14800179916021890823

4319 Groucho the Pandemonic (level 10, -17/103 HPs)
             Began as a Deep Dwarf Fighter on Aug 5, 2022.
             Was a High Priest of Makhleb.
             Demolished by a boulder beetle (20 damage)
             ... in the Dungeon (Sprint VII: "The Pits").
             The game lasted 00:07:37 (2281 turns).

Groucho the Pandemonic (Deep Dwarf Fighter)         Turns: 2281, Time: 00:07:38

Health: -17/103    AC: 21    Str: 26    XL:     10   Next: 11%
Magic:  14/14      EV:  8    Int: 10    God:    Makhleb [*****.]
Gold:   0          SH:  7    Dex: 12    Spells: 9/9 levels left

rFire   . . .      SeeInvis .   s - +2 war axe (vorpal)
rCold   . . .      Faith    .   c - +0 buckler
rNeg    . . .      Spirit   .   r - +4 chain mail
rPois   .          Reflect  .   (no helmet)
rElec   .          Harm     .   (no cloak)
rCorr   .          Rampage  .   q - +0 pair of gloves
Will    +....      NoTele   +   (no boots)
Stlth   ..........              (no amulet)
HPRegen 0.00/turn               k - +3 ring of strength
MPRegen 0.14/turn               m - +3 ring of protection

@: slowed, very slow
A: damage resistance, heal wounds, sense surroundings 2, no regeneration
a: Heal Wounds, Renounce Religion, Minor Destruction, Lesser Servant of Makhleb,
Major Destruction, Greater Servant of Makhleb


You were in the Dungeon.
You worshipped Makhleb.
Makhleb was extremely pleased with you.
You visited 1 branch

Inventory:

Hand Weapons
 o - a +2 mace of protection
 s - a +2 vorpal war axe (weapon)
Missiles
 l - 10 stones
Armour
 b - a +0 scale mail
 c - a +0 buckler (worn)
 q - a +0 pair of gloves (worn)
 r - a +4 chain mail (worn)
Jewellery
 k - a +3 ring of strength (left hand)
 m - a +3 ring of protection (right hand)
Potions
 a - 2 potions of invisibility
 d - 3 potions of might
 e - 7 potions of curing
 g - 2 potions of haste
 h - 4 potions of magic
 i - 3 potions of berserk rage
 p - a potion of resistance


   Skills:
 + Level 10.5 Fighting
 + Level 12.1 Axes
 + Level 12.4 Armour
 + Level 12.4 Shields
 + Level 13.2 Invocations


You had 9 spell levels left.
You didn't know any spells.
Your spell library was empty.

Dungeon Overview and Level Annotations

Branches:
Dungeon (1/1)

Altars:
Ashenzari
Cheibriados
Dithmenos
Elyvilon
Fedhas
Gozag
Hepliaklqana
Kikubaaqudgha
Makhleb
Nemelex Xobeh
Okawaru
Qazlal
Ru
Sif Muna
Trog
Uskayaw
Vehumet
Wu Jian
Xom
Yredelemnul
Zin
The Shining One
Beogh
Jiyva
Lugonu


Innate Abilities, Weirdness & Mutations

You are resistant to damage.
You can heal yourself by infusing magical energy.
You passively map the area around you.
You do not regenerate.


Message History

Unknown command.
You barely miss the death cob.
The death cob is heavily damaged.
You hit the boulder beetle but do no damage.
You block the death cob's attack.
The death cob hits you but does no damage.
The boulder beetle bites you. The death cob closely misses you.
You block the boulder beetle's attack.
Unknown command.
Unknown command.
You slash the death cob!
The death cob is heavily damaged.
You hit the boulder beetle but do no damage.
The death cob hits you! The death cob drains your vigour!
You feel as though you will be slow longer.
The death cob hits you!! The death cob barely misses you. x2
The boulder beetle barely misses you.
Unknown command.
Unknown command.
You slice the death cob!!
The death cob is almost destroyed.
You hit the boulder beetle but do no damage.
The death cob hits you but does no damage.
The death cob hits you! You block the death cob's attack.
The boulder beetle bites you!
* * * LOW HITPOINT WARNING * * *
Unknown command.
You miss the death cob.
The death cob is severely damaged.
You hit the boulder beetle but do no damage.
The death cob hits you!
* * * LOW HITPOINT WARNING * * *
You block the death cob's attack. x2
The boulder beetle bites you but does no damage.
The death cob hits you!
* * * LOW HITPOINT WARNING * * *
The death cob drains your vigour!
You feel as though you will be slow longer.
The boulder beetle bites you!!
You die...

))#####'#####''##### ****
))##.......##''# ######## * *
).##.......##..# #..M...# ,
[[##.......##..# #..#'#......
,,
'###...<...##..##..##.##.....
,
..##.......##..##.##...##...#*
..##.......##..####.....#
.##,*
####.......##...##M.....#
.#,*,
..###########..B@zS.....+ , +
.############..)##......#, ,
.#..รทรท#...[##..####.....#* ,
'#)...#...[##..# ##...##, *
.)....'..))##..# ##.## ,
)#....#..))##..# #+#, ,,,
.#....#..))##..# , , * , *
################ * ** *


You could see a death cob, a boulder beetle, a sea snake and a mummy.

Vanquished Creatures
  A flayed ghost (D)
  A deep elf pyromancer (D)
  2 deep elf zephyrmancers (D)
  A phantasmal warrior (D)
  Joseph (D)
  A rime drake (D)
  Grinder (D)
  5 blink frogs (D)
  A fire bat (D)
  A phantom (D)
  A kobold brigand (D)
  A scorpion (D)
  A jelly (D)
  A hound (D)
  An iron imp (D)
  A gnoll (D)
  An ufetubus (D)
  2 adder zombies (D)
  A bat (D)
  2 endoplasms (D)
  2 giant cockroaches (D)
  A goblin (D)
  A jackal (D)
  A kobold (D)
  A frilled lizard (D)
  A giant cockroach zombie (D)
  3 rats (D)
37 creatures vanquished.

Vanquished Creatures (collateral kills)
  2 jackals (D)
2 creatures vanquished.

Vanquished Creatures (others)
  A jackal (D)
1 creature vanquished.

Grand Total: 40 creatures vanquished

Notes
Turn   | Place    | Note
-------+----------+-------------------------------------------
     0 | D        | Groucho the Deep Dwarf Fighter began the quest for the Orb.
     0 | D        | Reached XP level 1. HP: 20/20 MP: 1/1
    15 | D        | Reached XP level 2. HP: 28/28 MP: 2/2
    45 | D        | Found a bloodstained altar of Trog.
    45 | D        | Found a shimmering blue altar of Sif Muna.
    45 | D        | Found a viscous altar of Jiyva.
    45 | D        | Found a hazy altar of Hepliaklqana.
    45 | D        | Found an opulent altar of Gozag.
    46 | D        | Found a glowing golden altar of the Shining One.
    46 | D        | Found a glowing silver altar of Zin.
    46 | D        | Found a basalt altar of Yredelemnul.
    46 | D        | Found a shimmering altar of Xom.
    46 | D        | Found an ornate altar of the Wu Jian Council.
    46 | D        | Found a sacrificial altar of Ru.
    46 | D        | Found a stormy altar of Qazlal.
    46 | D        | Found an iron altar of Okawaru.
    46 | D        | Found a sparkling altar of Nemelex Xobeh.
    46 | D        | Found a burning altar of Makhleb.
    46 | D        | Found a blossoming altar of Fedhas.
    46 | D        | Found a white marble altar of Elyvilon.
    46 | D        | Found a shadowy altar of Dithmenos.
    46 | D        | Found a snail-covered altar of Cheibriados.
    48 | D        | Found a radiant altar of Vehumet.
    48 | D        | Found a corrupted altar of Lugonu.
    49 | D        | Found a hide-covered altar of Uskayaw.
    49 | D        | Found an ancient bone altar of Kikubaaqudgha.
    49 | D        | Found a broken altar of Ashenzari.
    56 | D        | Became a worshipper of Makhleb the Destroyer
    71 | D        | Noticed a scorpion
    86 | D        | Killed a scorpion
    87 | D        | Reached skill level 5 in Armour
    87 | D        | Reached skill level 5 in Shields
    87 | D        | Reached XP level 3. HP: 21/37 MP: 3/3
   374 | D        | Reached * piety under Makhleb
   375 | D        | Reached XP level 4. HP: 24/45 MP: 4/4
   600 | D        | Reached ** piety under Makhleb
   601 | D        | Reached skill level 1 in Invocations
   615 | D        | Noticed a phantom
   637 | D        | Killed a phantom
   638 | D        | Reached skill level 5 in Fighting
   638 | D        | Reached skill level 5 in Axes
   638 | D        | Reached skill level 3 in Invocations
   638 | D        | Reached XP level 5. HP: 21/52 MP: 4/7
   746 | D        | Reached *** piety under Makhleb
   761 | D        | Reached skill level 4 in Invocations
   764 | D        | Reached **** piety under Makhleb
   783 | D        | Noticed Grinder
   797 | D        | Killed Grinder
   798 | D        | Reached skill level 6 in Invocations
   798 | D        | Reached XP level 6. HP: 27/63 MP: 8/11
  1026 | D        | Noticed a deep elf pyromancer
  1032 | D        | Killed a deep elf pyromancer
  1033 | D        | Reached skill level 8 in Invocations
  1033 | D        | Reached XP level 7. HP: 49/73 MP: 11/13
  1035 | D        | Noticed a fire bat
  1046 | D        | Killed a fire bat
  1046 | D        | Reached ***** piety under Makhleb
  1047 | D        | Reached skill level 9 in Invocations
  1062 | D        | Noticed a blink frog
  1062 | D        | Noticed a blink frog
  1062 | D        | Noticed a blink frog
  1062 | D        | Noticed a blink frog
  1062 | D        | Noticed a blink frog
  1064 | D        | Noticed a deep elf zephyrmancer
  1065 | D        | Killed a blink frog
  1066 | D        | Reached XP level 8. HP: 60/81 MP: 13/15
  1080 | D        | Killed a deep elf zephyrmancer
  1080 | D        | Killed a blink frog
  1080 | D        | Killed a blink frog
  1081 | D        | Reached skill level 10 in Axes
  1081 | D        | Reached skill level 10 in Armour
  1081 | D        | Reached skill level 10 in Shields
  1081 | D        | Reached skill level 11 in Invocations
  1081 | D        | Gained mutation: You passively map the area around you.
                  | [Deep Dwarf growth]
  1081 | D        | Reached XP level 9. HP: 39/91 MP: 15/17
  1429 | D        | Noticed a rime drake
  1430 | D        | Noticed a phantasmal warrior
  1434 | D        | Killed a rime drake
  1434 | D        | Reached ****** piety under Makhleb
  1441 | D        | Killed a phantasmal warrior
  1442 | D        | Reached skill level 12 in Invocations
  2186 | D        | Noticed Joseph
  2186 | D        | Noticed a deep elf zephyrmancer
  2186 | D        | Noticed a flayed ghost
  2204 | D        | Killed Joseph
  2205 | D        | Reached skill level 10 in Fighting
  2210 | D        | Killed a deep elf zephyrmancer
  2212 | D        | Killed a flayed ghost
  2213 | D        | Reached skill level 13 in Invocations
  2213 | D        | Reached XP level 10. HP: 91/103 MP: 18/18
  2225 | D        | Noticed a boulder beetle
  2226 | D        | Noticed a sea snake
  2226 | D        | Noticed a death cob
  2232 | D        | HP: 5/103 [death cob (10)]
  2281 | D        | HP: 3/103 [death cob (14)]
  2281 | D        | Demolished by a boulder beetle

Illustrated notes

Levels and vault maps discovered:
D:        pitsprint [storerooms_1, entrance_room_1, metal_vault_3, armoury_3,
          mini_pit_1, grid_room_1, main_hall_1, silver_pit, the_coven_1,
          the_vestibule_1, steel_vault_2, golden_pit, hallway_of_sentries,
          crystal_vault_4, iron_vault_5, final_vault]

Skill      XL: |  1  2  3  4  5  6  7  8  9 |
---------------+----------------------------+-----
Fighting       | 3 4 5 6 7 8 9 10 | 10.5
Axes           | 3 4 5 7 8 9 10 12 | 12.1
Armour         | 4 5 6 8 9 10 12 | 12.4
Shields        | 4 5 6 8 9 10 12 | 12.4
Invocations    | 3 6 8 9 11 13 | 13.2

Action                   |  1- 3 |  4- 6 |  7- 9 | 10-12 || total
-------------------------+-------+-------+-------+-------++-------
Melee: War axe           |     5 |       |    18 |    22 ||    45
       Hand axe          |    16 |    55 |    39 |       ||   110
Invok: Major Destruction |       |       |     5 |       ||     5
       Greater Servant o |       |       |     1 |     1 ||     2
 Abil: Heal Wounds       |       |     2 |     6 |    16 ||    24
  Use: Potion            |       |       |     3 |     9 ||    12
       Scroll            |       |       |       |     1 ||     1
Armor: Scale mail        |    11 |    12 |     8 |       ||    31
       Chain mail        |       |       |     8 |    60 ||    68
Dodge: Dodged            |    12 |    18 |    15 |    38 ||    83
Block: Buckler           |     5 |     4 |    15 |    38 ||    62
